 Dungeon Crawl Stone Soup version 0.20-a0-555-gf6ae02d (webtiles) character file.

131 Kwzr the Sneak (level 5, 0/35 HPs)
             Began as a Formicid Air Elementalist on Feb 6, 2017.
             Was an Initiate of Vehumet.
             Slain by Grinder (1 damage)
             ... on level 3 of the Dungeon.
             The game lasted 00:18:24 (2834 turns).

Kwzr the Sneak (Formicid Air Elementalist)          Turns: 2834, Time: 00:18:24

Health: 0/35       AC:  3    Str: 12    XL:     5   Next: 37%
Magic:  0/9        EV: 12    Int: 16    God:    Vehumet [......]
Gold:   123        SH:  0    Dex: 11    Spells: 1/9 levels left

rFire    . . .     SeeInvis +   y - +0 long sword
rCold    + . .     Gourm    .   u - +0 leather armour
rNeg     . . .     Faith    .   (no shield)
rPois    .         Spirit   .   (helmet unavailable)
rElec    .         Reflect  .   (no cloak)
rCorr    .         Harm     .   (no gloves)
MR       .....                  (no boots)
Stlth    ++........             j - amulet of regeneration
Regen    0.6/turn               (no ring)
                                w - ring of protection from cold

@: very slightly contaminated
A: permanent stasis, dig shafts and tunnels, four strong arms, antennae 3
a: Dig, Shaft Self, Renounce Religion


You were on level 3 of the Dungeon.
You worshipped Vehumet.
Vehumet was noncommittal.
You were not hungry.

You visited 1 branch of the dungeon, and saw 3 of its levels.

You collected 123 gold pieces.

Inventory:

Hand Weapons
 e - a +0 club
 g - a +0 dagger
 y - a +0 long sword (weapon)
Missiles
 d - 10 bolts
 k - 12 poisoned needles
Armour
 a - a +0 robe
 n - a +0 shield
 u - a +0 leather armour (worn)
Jewellery
 j - an amulet of regeneration (around neck)
 w - a ring of protection from cold (left hand)
 x - a cursed ring of loudness {unknown}
Scrolls
 f - 7 scrolls of identify {unknown}
 i - a scroll of fog {unknown}
 l - a scroll of enchant armour {unknown}
 o - a scroll of immolation {unknown}
 p - 2 scrolls of teleportation {unknown}
 q - a scroll of magic mapping {unknown}
 s - 2 scrolls of remove curse {unknown}
 z - a scroll of amnesia {unknown}
Potions
 h - a potion of might {unknown}
 m - a potion of invisibility {unknown}
Books
 b - a book of Air

   Spells                             Type                      Level
   a - Shock                          Conjuration/Air              1
   b - Swiftness                      Charms/Air                   2
   c - Repel Missiles                 Charms/Air                   2
   d - Static Discharge               Conjuration/Air              3
   e - Lightning Bolt                 Conjuration/Air              5
 v - a book of Changes

   Spells                             Type                      Level
   a - Beastly Appendage              Transmutation                1
   b - Sticks to Snakes               Transmutation                2
   c - Spider Form                    Transmutation/Poison         3
   d - Ice Form                       Ice/Transmutation            4
   e - Blade Hands                    Transmutation                5
Comestibles
 c - 2 bread rations
 r - a royal jelly
 t - a chunk of flesh


   Skills:
 + Level 2.4 Dodging
 - Level 3.2 Stealth
 + Level 2.1 Shields
 + Level 2.8 Spellcasting
 + Level 1.8 Conjurations
 * Level 3.0 Air Magic


You had one spell level left.
You knew the following spells:

 Your Spells              Type           Power        Failure   Level  Hunger
a - Shock                 Conj/Air       ##..         12%         1    #......
b - Swiftness             Chrm/Air       #.......     21%         2    ##.....
c - Repel Missiles        Chrm/Air       #.....       21%         2    ##.....
d - Static Discharge      Conj/Air       ##......     28%         3    ###....


Dungeon Overview and Level Annotations

Branches:
Dungeon (3/15)

Altars:
Vehumet

Annotations:
D:3 Grinder


Innate Abilities, Weirdness & Mutations

You cannot be hasted, slowed, berserked, paralysed or teleported.
You can dig through walls and to a lower floor.
Your four strong arms can wield two-handed weapons with a shield.
You have a pair of large antennae on your head. (SInv)


Message History

Press: ? - help, Shift-Dir - straight line, f/p - Grinder
Aim: Grinder (heavily wounded)
The zap hits Grinder.
Grinder is heavily wounded.
Grinder blinks!
You barely miss Grinder.
Grinder is heavily wounded.
Grinder completely misses you.
Casting: Shock
Confirm with . or Enter, or press ? or * to list all spells.
Aiming: Shock
Press: ? - help, Shift-Dir - straight line, f/p - Grinder
Aim: Grinder (heavily wounded)
The zap misses Grinder.
Grinder hits you.
You writhe in agony.
You hit Grinder but do no damage.
Grinder is heavily wounded.
Grinder hits you!
* * * LOW HITPOINT WARNING * * *
You writhe in agony.
You die...

##.........# #.......########
........#### #.######.....#....
###.....# #.# #.###.#.### #.###.#
#.# #.# #.#.### #.# #.# #.# #.#
#....รท. #.# #.# #.# #.# ###.###
#.###.## #.# ####.# #.#
##.##...#######5# #....# #.#
#.............#@###.#### #.###
#..##...#####.#..##.# #....
##..##...# #.##.##.# #####
....###.## #.##.##.# .........#
#.##.##.# ####
....###..#####.##.##.#########.##
.#..# #.........#.##..........#..
.#..# #.######..#.##########.###.
....# #.# #..#.# ##.## ##


You could see Grinder.

Vanquished Creatures
  6 adders
  An ooze (D:2)
  2 dart slugs
  4 leopard geckos
  3 orcs (D:3)
  2 giant cockroaches
  7 goblins
  2 hobgoblins
  6 jackals
  2 quokkas
  A ball python (D:1)
  5 bats
  3 frilled lizards
  6 kobolds
  12 rats
62 creatures vanquished.

Notes
Turn   | Place    | Note
-------+----------+-------------------------------------------
     0 | D:1      | Kwzr the Formicid Air Elementalist began the quest for the Orb.
     0 | D:1      | Reached XP level 1. HP: 13/13 MP: 3/3
    60 | D:1      | Reached skill level 1 in Conjurations
   574 | D:1      | Reached XP level 2. HP: 19/19 MP: 5/5
   905 | D:1      | Learned a level 2 spell: Swiftness
   910 | D:1      | Learned a level 2 spell: Repel Missiles
   939 | D:1      | Reached XP level 3. HP: 24/24 MP: 4/6
  1437 | D:2      | Found a radiant altar of Vehumet.
  1445 | D:2      | Reached XP level 4. HP: 24/30 MP: 0/7
  1513 | D:2      | Became a worshipper of Vehumet
  1531 | D:2      | Reached skill level 1 in Shields
  1847 | D:2      | Learned a level 3 spell: Static Discharge
  2031 | D:2      | Reached XP level 5. HP: 35/35 MP: 0/9
  2813 | D:3      | Noticed Grinder
  2834 | D:3      | HP: 1/35 [Grinder (10)]
  2834 | D:3      | Slain by Grinder

Vault maps used:
D:1:      minmay_arrival_loop
D:2:      vehumet_crystals
D:3:      uniq_grinder

Skill      XL: |  1  2  3  4  5 |
---------------+----------------+-----
Conjurations   | 1 |  1.8
Dodging        | 2 |  2.4
Stealth        | 3 |  3.2
Shields        | 1 2 |  2.1
Air Magic      | 3 |  3.0
Spellcasting   | |  2.8

Action                   |  1- 3 |  4- 6 || total
-------------------------+-------+-------++-------
Melee: Club              |     4 |       ||     4
       Dagger            |    47 |    85 ||   132
       Long sword        |       |     8 ||     8
 Cast: Shock             |    41 |    58 ||    99
       Swiftness         |     1 |     1 ||     2
 Stab: Sleeping          |     3 |     1 ||     4
  Eat: Chunk             |     2 |     5 ||     7
Armor: Robe              |     9 |    11 ||    20
       Leather armour    |       |     7 ||     7
Dodge: Dodged            |    51 |    87 ||   138
       Rpst.: Long sword |       |     3 ||     3
